 Dungeon Crawl Stone Soup version 0.28-a0-793-g31680bbd8b (webtiles) character file.

Game seed: 993587224629077861

375 a11behringer the Chopper (level 6, -3/53 HPs)
             Began as a Hill Orc Cinder Acolyte on Nov 5, 2021.
             Was a High Priest of Ignis.
             Slain by Blork the orc (5 damage)
             ... on level 4 of the Dungeon.
             The game lasted 00:13:16 (4148 turns).

a11behringer the Chopper (Hill Orc Cinder Acolyte)  Turns: 4148, Time: 00:13:18

Health: -3/53      AC:  7    Str: 17    XL:     6   Next: 72%
Magic:  4/8        EV: 11    Int: 16    God:    Ignis [*****.]
Gold:   144        SH:  0    Dex:  6    Spells: 6/8 levels left

rFire   + . .      SeeInvis .   a - -1 hand axe (flame)
rCold   . . .      Faith    .   (no shield)
rNeg    . . .      Spirit   .   b - +0 robe
rPois   .          Reflect  .   q - +0 helmet
rElec   .          Harm     .   g - +2 cloak
rCorr   .          Rampage  .   s - +0 pair of gloves
Will    .....                   (no boots)
Stlth   +.........              (no amulet)
HPRegen 0.17/turn               (no ring)
MPRegen 0.11/turn               (no ring)

@: very slightly contaminated
A: no striking features
a: Renounce Religion, Sea of Fire, Foxfire Swarm, Rising Flame


You were on level 4 of the Dungeon.
You worshipped Ignis.
Ignis was extremely pleased with you.
You visited 1 branch of the dungeon, and saw 4 of its levels.

You collected 144 gold pieces.

Inventory:

Hand Weapons
 a - a -1 hand axe of flaming (weapon)
 t - a +1 scythe of freezing
Missiles
 c - 74 bolts
 j - 47 arrows
Armour
 b - a +0 robe (worn)
 e - a +0 leather armour
 g - a +2 cloak (worn)
 q - a +0 helmet (worn)
 s - a +0 pair of gloves (worn)
Scrolls
 d - 3 scrolls of identify
 h - 2 scrolls of teleportation
 o - a scroll of enchant weapon {unknown}
Potions
 f - 3 potions of might {unknown}
 i - a potion of resistance {unknown}
 k - 2 potions of curing
 l - 2 potions of cancellation {unknown}
 m - 2 potions of haste {unknown}
 n - 2 potions of mutation {unknown}
 p - a potion of attraction {unknown}
 r - a potion of degeneration {unknown}


   Skills:
 + Level 4.6 Fighting
 * Level 7.4 Axes
 + Level 1.3 Dodging
 + Level 0.4 Stealth
 + Level 1.8 Spellcasting
 + Level 4.2 Fire Magic


You had 6 spell levels left.
You knew the following spells:

 Your Spells              Type           Power      Damage    Failure   Level
a - Scorch                Fire           30%        2d7       5%          2

Your spell library contained the following spells:

 Spells                   Type           Power      Damage    Failure   Level
 Sting                    Tmut/Pois      4%         1d3       22%         1
 Ensorcelled Hibernation  Hex/Ice        2%         N/A       32%         2
 Poisonous Vapours        Pois/Air       2%         N/A       32%         2
 Dazzling Flash           Conj/Hex       2%         N/A       54%         3
 Spider Form              Tmut/Pois      1%         N/A       54%         3
 Iskenderun's Mystic Bla  Conj/Tloc      1%         2d3       91%         4
 Olgreb's Toxic Radiance  Pois           1%         N/A       91%         4
 Starburst                Conj/Fire      4%         6d3       100%        6


Dungeon Overview and Level Annotations

Branches:
Dungeon (4/15)
 Temple: D:4-7

Altars:

Shops:
D:2 *

Annotations:
D:4 Blork the orc


Message History

The stone closely misses you.
You closely miss Blork the orc.
Blork the orc is almost dead.
Blork the orc barely misses you.
You hit Blork the orc but do no damage.
Blork the orc is almost dead.
Blork the orc casts a spell at you. The puff of flame hits you. You resist.
Blork the orc screams, "I'll cover the dungeon with your blood!"
Blork the orc closely misses you.
You barely miss Blork the orc.
Blork the orc is almost dead.
The goblin shoots a stone.
The stone hits you.
* * * LOW HITPOINT WARNING * * *
Blork the orc hits you with a +0 hand axe.
* * * LOW HITPOINT WARNING * * *
You barely miss Blork the orc.
Blork the orc is almost dead.
Blork the orc closely misses you.
You hit Blork the orc but do no damage.
Blork the orc is almost dead.
Blork the orc points at you and mumbles some strange words.
The magic dart hits you.
* * * LOW HITPOINT WARNING * * *
Blork the orc hits you with a +0 hand axe.
* * * LOW HITPOINT WARNING * * *
Casting: Scorch (safe; 5% risk of failure)
Confirm with . or Enter, or press ? or * to list all spells.
You miscast Scorch.
You are very lightly contaminated with residual magic.
Nothing appears to happen.
Blork the orc hits you but does no damage.
The goblin shoots a stone.
The stone hits you but does no damage.
Casting: Scorch (safe; 5% risk of failure)
Confirm with . or Enter, or press ? or * to list all spells.
Flames lash the goblin.
You kill the goblin!
Blork the orc barely misses you.
Blork the orc hits you with a +0 hand axe.
You die...

.... ... ..#........
.... ... .!........ #..
.... .....$.......###...
...<.#......###.........
.....#.......#..........
.......##...............
......o.....##........#.
#....@....#........##.
#..)...#...#.......##.
.........##.........###.
................#<..#.#.
............)#..#.......
.............#..........
........#.#...........).
##.....#####............
.........#..#...†...


You could see Blork the orc (fast).

Vanquished Creatures
  Sigmund (D:3)
  A jelly (D:4)
  Terence (D:2)
  Robin (D:2)
  An adder (D:3)
  3 gnolls (D:2)
  3 dart slugs
  2 worms (D:2)
  An orc (D:3)
  9 bats
  7 endoplasms
  3 giant cockroaches
  19 goblins
  8 hobgoblins
  A jackal (D:1)
  A kobold (D:1)
  2 quokkas
  8 ball pythons
  5 frilled lizards
  4 rats
81 creatures vanquished.

Vanquished Creatures (others)
  22 foxfires (D:2)
  A fungus (D:1)
23 creatures vanquished.

Grand Total: 104 creatures vanquished

Notes
Turn   | Place    | Note
-------+----------+-------------------------------------------
     0 | D:1      | a11behringer the Hill Orc Cinder Acolyte began the quest
                  | for the Orb.
     0 | D:1      | Reached XP level 1. HP: 19/19 MP: 2/2
   172 | D:1      | Found a faded altar of an unknown god.
   262 | D:1      | Reached XP level 2. HP: 22/27 MP: 3/3
   617 | D:1      | Reached XP level 3. HP: 17/33 MP: 4/4
   781 | D:1      | Learned a level 2 spell: Scorch
   865 | D:1      | Reached skill level 5 in Axes
  2031 | D:2      | Found Ahoax Xyx's General Store.
  2329 | D:2      | Reached XP level 4. HP: 40/40 MP: 5/5
  2354 | D:2      | Noticed Robin
  2374 | D:2      | Killed Robin
  2403 | D:2      | Reached skill level 6 in Axes
  2652 | D:2      | Noticed Terence
  2658 | D:2      | Killed Terence
  2659 | D:2      | Reached XP level 5. HP: 46/46 MP: 1/6
  3073 | D:3      | Noticed Sigmund
  3115 | D:3      | Killed Sigmund
  3116 | D:3      | Reached skill level 7 in Axes
  3116 | D:3      | Reached skill level 1 in Dodging
  3116 | D:3      | Reached XP level 6. HP: 3/53 MP: 2/8
  4114 | D:4      | Noticed Blork the orc
  4146 | D:4      | HP: 2/53 [Blork the orc (2)]
  4148 | D:4      | Slain by Blork the orc

Illustrated notes

Levels and vault maps discovered:
D:1:      eino_arrival_water_cross, layout_loops_corners,
          dreamdust_ecumenical_altar_hidden_monk_grotto, supply_closet_lemuel,
          dk_noncrumbling_4, st_stairs_5, ebering_dispersal_statue_hall,
          minmay_small_reverse_x
D:2:      layout_loops_ring, serial_shops, shop, mrwooster_statue_mirror,
          minmay_misc_feat_more_columns, uniq_robin, uniq_terence
D:3:      minmay_wonky_spiral, layout_rooms, kennysheep_generic_room_10,
          uniq_sigmund
D:4:      layout_cave_pools, uniq_blork_the_orc

Skill      XL: |  1  2  3  4  5 |
---------------+----------------+-----
Axes           | 5 6 7 |  7.4
Fighting       | 4 |  4.6
Dodging        | 1 |  1.3
Fire Magic     | 4 |  4.2
Stealth        | |  0.4
Spellcasting   | |  1.8

Action                   |  1- 3 |  4- 6 || total
-------------------------+-------+-------++-------
Melee: Hand axe          |   113 |   136 ||   249
 Cast: Scorch            |    10 |    19 ||    29
Invok: Foxfire Swarm     |       |     1 ||     1
  Use: Scroll            |     4 |     1 ||     5
Armor: Robe              |    37 |    51 ||    88
Dodge: Dodged            |    72 |    65 ||   137

Table legend: (Time is in decaauts)
 A = Elapsed time spent in this place.
 B = Non-inter-level travel time spent in this place.
 C = Inter-level travel time spent in this place.
 D = Time resting spent in this place.
 E = Time spent auto-exploring this place.
 F = Levels seen in this place.
 G = Mean time per level.
                   A        B        C        D        E       F      G
               +--------+--------+--------+--------+--------+-----+--------+
         Total |   4151 |   3793 |    358 |      0 |   3198 |   4 | 1037.8 |
       Dungeon |   4151 |   3793 |    358 |      0 |   3198 |   4 | 1037.8 |
               +--------+--------+--------+--------+--------+-----+--------+

Top non-repeatable levels by time:
     D:1: 1510 daAuts
     D:2: 1357 daAuts
     D:3: 1030 daAuts
     D:4: 253 daAuts
